 Dungeon Crawl Stone Soup version 0.16-a0-2179-gb75b79b (webtiles) character file.

5234 wvc the Carver (level 10, -4/115 HPs)
             Began as a Black Draconian Berserker on Nov 14, 2014.
             Was a High Priest of Trog.
             Slain by a troll (7 damage)
             ... on level 9 of the Dungeon.
             The game lasted 00:21:03 (10167 turns).

wvc the Carver (Black Draconian Berserker)         Turns: 10167, Time: 00:21:03

Health: -4/115     AC:  9    Str: 26    XL:     10   Next: 35%
Magic:  10/10      EV: 13    Int:  7    God:    Trog [*****.]
Gold:   354        SH:  0    Dex: 13    Spells: 0 memorised, 9 levels left

rFire  . . .     SeeInvis .     p - +1 long sword
rCold  . . .     Clarity  .     (armour unavailable)
rNeg   . . .     SustAb   .     (no shield)
rPois  .         Gourm    .     (helmet restricted)
rElec  +         Spirit   .     (no cloak)
rCorr  .         Warding  .     k - +1 pair of gloves
rMut   .         Stasis   .     (no boots)
MR     ++...                    (no amulet)
Stlth  ..........               (no ring)
                                (no ring)

@: berserking, regenerating, very quick, very resistant to hostile enchantments,
extremely unstealthy
A: breathe lightning, unfitting armour, electricity resistance, cold-blooded, AC
+7
a: Breathe Lightning, Burn Spellbooks, Berserk, Trog's Hand, Brothers in Arms,
Renounce Religion


You were on level 9 of the Dungeon.
You worshipped Trog.
Trog was extremely pleased with you.
You were not hungry.

You visited 2 branches of the dungeon, and saw 10 of its levels.

You collected 354 gold pieces.

Inventory:

Hand weapons
 p - a +1 long sword (weapon)
 q - a +0 blowgun
 y - a +1 antimagic great sword
 z - a +4 triple sword of holy wrath
Missiles
 n - 16 steel sling bullets
 r - 7 poisoned needles
 C - 8 javelins (quivered)
Armour
 k - a +1 pair of gloves (worn)
Jewellery
 o - an uncursed ring of fire
Magical devices
 u - a wand of digging (6)
 D - a wand of frost (31)
Scrolls
 a - 2 scrolls of identify
 e - 3 scrolls of remove curse
 f - a scroll of blinking
 v - 2 scrolls of teleportation
 x - 2 scrolls of immolation
Potions
 b - 2 potions of invisibility
 d - 4 potions of agility
 g - a potion of haste
 h - a potion of heal wounds
 i - a potion of brilliance
 j - a potion of flight
 l - 4 potions of curing
 m - 3 potions of restore abilities
 s - a potion of mutation
 t - 2 potions of berserk rage
 A - a potion of might
Books
 B - a book of Death

   Spells                             Type                      Level
   Corpse Rot                         Necromancy                   2
   Sublimation of Blood               Necromancy                   2
   Agony                              Necromancy                   5
   Dispel Undead                      Necromancy                   5
   Excruciating Wounds                Charms/Necromancy            5
   Bolt of Draining                   Conjuration/Necromancy       5
   Trog disapproves of the use of such an item.
 E - a book of Changes

   Spells                             Type                      Level
   Beastly Appendage                  Transmutation                1
   Sticks to Snakes                   Transmutation                2
   Spider Form                        Transmutation/Poison         3
   Ice Form                           Ice/Transmutation            4
   Blade Hands                        Transmutation                5
   Trog disapproves of the use of such an item.
Comestibles
 c - 4 bread rations
 w - 4 meat rations


   Skills:
 - Level 3.2 Fighting
 * Level 14.9 Long Blades
 - Level 2.6 Dodging


You had 9 spell levels left.
You didn't know any spells.

Dungeon Overview and Level Annotations

Branches:
Dungeon (9/15)             Temple (1/1) D:5
   Lair: D:8-11         Orc: D:9-12

Altars:
Ashenzari
Cheibriados
Dithmenos
Fedhas
Gozag
Kikubaaqudgha
Makhleb
Nemelex Xobeh
Qazlal
Ru
Sif Muna
Vehumet
Xom
Zin
The Shining One

Annotations:
D:7 exclusion: door


Innate Abilities, Weirdness & Mutations

You can breathe wild blasts of lightning.
Your glossy black scales are hard (AC +7).
Your body does not fit into most forms of armour.
You are resistant to electric shocks.
Your cold-blooded metabolism reacts poorly to cold.


Message History

The troll claws you.
You closely miss the troll.
You tail-slap the troll, but do no damage.
The troll bites you. The troll claws you!
* * * LOW HITPOINT WARNING * * *
The troll claws you.
* * * LOW HITPOINT WARNING * * *
You are too injured to fight recklessly!
You are too injured to fight recklessly!
You are too injured to fight recklessly!
You are too injured to fight recklessly!
Use which ability? (? or * to list)
A red film seems to cover your vision as you go berserk!
You feel yourself moving faster!
You feel mighty!
You feel somewhat more hungry. The troll misses you.
The troll completely misses you. The troll claws you!
* * * LOW HITPOINT WARNING * * *
You closely miss the troll. You barely miss the troll. The troll bites you!
You die...

#.# #...# .....
#.# #...#.o....
#.###...#...)..
#..)...)o......#
#.)))..).......#
#.)##..###.....#
#.o##..# ...
#.T##..# .
#.@##..#
#..##..#
#..##..#
#..##..#
#..##..#
#..##..#
#..##..#
#......# #
#......# .#


You could see a troll and an orc.

Vanquished Creatures
  Pikel (D:8)
  A troll (D:8)
  3 hungry ghosts
  4 yaks (D:8)
  A hippogriff (D:8)
  Menkaure (D:5)
  A phantom (D:4)
  A black bear (D:7)
  An ice beast (D:7)
  A slave (D:8)
  A sky beast (D:7)
  2 ogres (D:6)
  2 orc warriors (D:6)
  4 centaurs
  6 giant frogs
  A big kobold (D:7)
  A wyvern zombie (D:6)
  5 killer bees (D:7)
  5 wights (D:8)
  A goliath beetle (D:6)
  A giant frog zombie (D:5)
  4 giant frog skeletons
  2 crimson imps
  2 hounds
  3 orc priests
  8 orc wizards
  4 iguanas
  Natasha (thrice) (D:4)
  5 worker ants
  A hound skeleton (D:5)
  A mummy (D:5)
  A worker ant zombie (D:5)
  7 adders
  5 gnolls
  2 shadow imps
  4 giant mites
  5 worms
  4 oozes
  37 orcs
  5 giant cockroaches
  18 goblins
  18 hobgoblins
  11 jackals
  22 kobolds
  2 quokkas
  17 bats
  4 giant geckos
  5 giant newts
  12 rats
256 creatures vanquished.

Notes
Turn   | Place    | Note
--------------------------------------------------------------
     0 | D:1      | wvc, the Draconian Berserker, began the quest for the Orb.
     0 | D:1      | Reached XP level 1. HP: 19/19 MP: 1/1
   195 | D:1      | Reached XP level 2. HP: 26/26 MP: 2/2
   583 | D:1      | Reached skill level 4 in Long Blades
   632 | D:2      | Reached XP level 3. HP: 7/31 MP: 3/3
   634 | D:2      | Acquired Trog's second power
  1302 | D:2      | Reached XP level 4. HP: 36/38 MP: 4/4
  1677 | D:2      | Reached skill level 5 in Long Blades
  1699 | D:2      | Found a sparkling altar of Nemelex Xobeh.
  2124 | D:3      | Reached XP level 5. HP: 45/45 MP: 5/5
  2249 | D:3      | Reached skill level 6 in Long Blades
  2635 | D:3      | Found a shattered altar of Ashenzari.
  3080 | D:3      | Found an opulent altar of Gozag.
  3295 | D:4      | Found a snail-covered altar of Cheibriados.
  3310 | D:4      | Reached XP level 6. HP: 23/51 MP: 6/6
  3538 | D:4      | Noticed Natasha
  3548 | D:4      | Killed Natasha
  3551 | D:4      | Noticed Natasha
  3561 | D:4      | Killed Natasha
  3561 | D:4      | Reached skill level 7 in Long Blades
  3595 | D:4      | Noticed Natasha
  3599 | D:4      | Killed Natasha
  3785 | D:4      | Found a sparkling altar of Nemelex Xobeh.
  3994 | D:4      | Noticed a phantom
  4033 | D:4      | Killed a phantom
  4089 | D:4      | Acquired Trog's third power
  4227 | D:5      | Entered Level 5 of the Dungeon
  4337 | D:5      | Found a staircase to the Ecumenical Temple.
  4348 | D:5      | Reached skill level 8 in Long Blades
  4358 | Temple   | Entered the Ecumenical Temple
  4649 | D:5      | Your scales start taking on a glossy black colour.
  4649 | D:5      | Gained mutation: You are resistant to electric shocks. [draconian maturity]
  4649 | D:5      | Reached XP level 7. HP: 54/57 MP: 7/7
  5139 | D:5      | Noticed Menkaure
  5152 | D:5      | Killed Menkaure
  5152 | D:5      | Reached skill level 9 in Long Blades
  6062 | D:6      | Found a blossoming altar of Fedhas.
  6086 | D:6      | Reached XP level 8. HP: 63/63 MP: 8/8
  6088 | D:6      | Reached skill level 10 in Long Blades
  6303 | D:6      | Got a transparent quarterstaff
  6366 | D:6      | Identified the cursed -2 quarterstaff of Utokobb {elec, rC+} (You found it on level 6 of the Dungeon)
  6470 | D:6      | Received a gift from Trog
  6697 | D:6      | Reached skill level 11 in Long Blades
  7196 | D:6      | Reached XP level 9. HP: 5/70 MP: 3/9
  7681 | D:7      | Reached skill level 12 in Long Blades
  8153 | D:7      | Found a glowing golden altar of the Shining One.
  8183 | D:7      | Reached skill level 13 in Long Blades
  8185 | D:7      | Received a gift from Trog
  8592 | D:7      | Found a deep blue altar of Sif Muna.
  9433 | D:8      | Found a radiant altar of Vehumet.
  9492 | D:8      | Reached skill level 14 in Long Blades
  9500 | D:8      | Reached XP level 10. HP: 41/77 MP: 10/10
 10015 | D:8      | Noticed Pikel
 10029 | D:8      | Killed Pikel
 10108 | D:9      | Received a gift from Trog
 10165 | D:9      | HP: 1/115 [troll (12)]
 10167 | D:9      | Slain by a troll

Action                   |  1- 3 |  4- 6 |  7- 9 | 10-12 || total
-------------------------+-------+-------+-------+-------++-------
Melee: Falchion          |   127 |   116 |       |       ||   243
       Long sword        |       |   137 |   425 |    95 ||   657
       Great sword       |       |       |   100 |       ||   100
Invok: Berserk           |     1 |     1 |     9 |     3 ||    14
       Trog's Hand       |     1 |     1 |     4 |     2 ||     8
 Abil: Breathe Lightning |       |       |     1 |       ||     1
  Use: Scroll            |     9 |     9 |     4 |     3 ||    25
 Stab: Distracted        |       |       |     1 |       ||     1
  Eat: Chunk             |     2 |       |    14 |       ||    16
       Pizza             |     1 |       |     2 |       ||     3
       Meat ration       |       |     1 |     3 |     1 ||     5
       Beef jerky        |       |     1 |     1 |       ||     2
       Bread ration      |       |     1 |       |       ||     1
